[Event "Late-Titled-Tuesday-Blitz-January-16-2024"]
[Site "Chess.com"]
[Date "2024.01.16"]
[Round "4"]
[White "RianKapriaga"]
[Black "subham777"]
[Result "0-1"]
[WhiteElo "2375"]
[BlackElo "2593"]
[TimeControl "180+1"]
[EndTime "14:37:49 PST"]
[Termination "subham777 won on time"]

1. d4 d5 2. Nf3 Nf6 3. Bf4 e6 4. e3 a6 5. Nbd2 Bd6 6. Ne5 O-O 7. Bd3 c5 8. c3 Nc6 9. Qf3 Ne7 10. Qh3 Ng6 11. Bg3 b5 12. O-O c4 13. Bc2 Bxe5 14. Bxe5 Nd7 15. f4 Qb6 16. f5 exf5 17. Bxf5 Ndxe5 18. dxe5 Bxf5 19. Rxf5 Rfe8 20. Raf1 Nxe5 21. Kh1 f6 22.
Rh5 h6 23. e4 Nd3 24. Qg3 dxe4 25. Rxh6 e3 26. Rg6 Ra7 27. Rgxf6 Qxf6 28. Rxf6 exd2 29. h3 d1=Q+ 30. Kh2 Qe1 31. Qg6 Qe5+ 0-1

[Event "Late-Titled-Tuesday-Blitz-January-16-2024"]
[Site "Chess.com"]
[Date "2024.01.16"]
[Round "4"]
[White "jmpion"]
[Black "diamonds13"]
[Result "1-0"]
[WhiteElo "2527"]
[BlackElo "2340"]
[TimeControl "180+1"]
[EndTime "14:37:50 PST"]
[Termination "jmpion won by resignation"]

1. e4 c5 2. Nf3 e6 3. d4 cxd4 4. Nxd4 Nf6 5. Nc3 Nc6 6. Nxc6 bxc6 7. e5 Nd5 8. Ne4 f5 9. exf6 Nxf6 10. Nd6+ Bxd6 11.
Qxd6 Qe7 12. Bf4 Qxd6 13. Bxd6 Ne4 14. Ba3 d5 15. Bd3 Nf6 16. O-O e5 17. Rfe1 e4 18. f3 Bf5 19. g4 Bg6 20. g5 Kf7 21. fxe4 Nxe4 22. Rf1+ Ke6 23. Rae1 h6 24. gxh6 Rxh6 25. c4 Rah8 26. Re2 Rh3 27. cxd5+ cxd5 28. Bb5 R8h5 29.
Rg2 Rg5 30. Be2 Bh5 31. Ba6 Ke5 32. Bc8 Rd3 33. Rxg5+ Nxg5 34. Rf5+ Kd4 35. Rxg5 Bf3 36. Kf2 Be4 37. Bb4 Rf3+ 38. Ke2 Re3+ 39. Kf2 Rf3+ 40.
Kg1 Ke3 41. Bc5+ d4 42. Rg3 Rxg3+ 43. hxg3 Kf3 44. Bxd4 g5 45. g4 Kf4 46. Bxa7 Bf3 47. Bb8+ Ke4 48. Kf2 Bd1 49. Bf5+ Kd4 50. Ba7+ Kc4 51.
Be3 Kd5 52. Bxg5 Ba4 53. b3 Bb5 54. Be3 Be8 55. Kf3 Ke5 56. Bf4+ 1-0

[Event "Late-Titled-Tuesday-Blitz-January-16-2024"]
[Site "Chess.com"]
[Date "2024.01.16"]
[Round "4"]
[White "thesupera12"]
[Black "Ekko_li"]
[Result "0-1"]
[WhiteElo "2536"]
[BlackElo "2706"]
[TimeControl "180+1"]
[EndTime "14:37:52 PST"]
[Termination "Ekko_li won by resignation"]

1. d4 Nf6 2. Bg5 d5 3. Bxf6 gxf6 4. e3 c5 5. c4 cxd4 6. Qxd4 e5 7. Qxd5 Qb6 8.
Qb5+ Qxb5 9. cxb5 Be6 10. Nc3 Nd7 11. O-O-O Bb4 12. Nge2 Rc8 13. a3 Ba5 14. b4 Bb6 15. Kb2 f5 16. Nc1 e4 17. Nb3 Ne5 18. Nd4 Ng4 19.
Rd2 Rd8 20. h3 Ne5 21. Be2 Bc4 22. Rhd1 Bd3 23. Bxd3 exd3 24. Kb3 Bxd4 25. exd4 Rxd4 26. Re1 f6 27. f4 Rxf4 28. Nd5 Rd4 29. Nxf6+ Kf7 30.
Nxh7 Nc4 31. Ng5+ Kf6 32. Kc3 Nxd2 33. Kxd4 Kxg5 34. Kxd3 Ne4 35. Rc1 Rd8+ 36. Ke3 Ng3 37. Rc7 Re8+ 38. Kf2 Kf4 39. Rc2 Ne4+ 40. Kg1 Kg3 41.
Re2 f4 42. a4 Rc8 43. Re1 Rc4 44. Kf1 Rxb4 45. a5 Nc3 46. b6 axb6 47. axb6 Rxb6 48. Rc1 Rb1 49. Rxb1 Nxb1 0-1

[Event "Late-Titled-Tuesday-Blitz-January-16-2024"]
[Site "Chess.com"]
[Date "2024.01.16"]
[Round "4"]
[White "Hikaru"]
[Black "Angry_Twin"]
[Result "1/2-1/2"]
[WhiteElo "3229"]
[BlackElo "2970"]
[TimeControl "180+1"]
[EndTime "14:37:54 PST"]
[Termination "Game drawn by repetition"]

1. Nf3 d5 2. c4 e6 3. g3 Nf6 4.
Bg2 dxc4 5. Qa4+ c6 6. Qxc4 b5 7. Qc2 Bb7 8. O-O Nbd7 9. d4 c5 10. Rd1 Rc8 11. Qb3 a6 12. a4 c4 13. Qc2 Be7 14. axb5 axb5 15. Nbd2 O-O 16. Ne1 Bxg2 17. Nxg2 Nb6 18. Nf3 Nbd5 19. Bg5 h6 20. Bxf6 Bxf6 21. e4 Nb4 22. Qe2 Nd3 23. Nf4 Nxf4 24. gxf4 Qc7 25.
e5 Be7 26. f5 Rfd8 27. Qe4 Qc6 28. Qg4 exf5 29. Qxf5 Qe6 30. Qxe6 fxe6 31. Ra7 Bf8 32. Kf1 Ra8 33. Rda1 Rac8 34. Ke2 b4 35. Ke3 c3 36.
bxc3 bxc3 37. Kd3 c2 38. Rc1 Bb4 39. Rxc2 Rxc2 40. Kxc2 Rf8 41. Nh4 Rf4 42. Ng6 Rxd4 43. h4 h5 44. f4 Kh7 45. Ne7 Bxe7 46. Rxe7 Rxf4 47. Rxe6 Rxh4 48. Kd3 Kg8 49. Re7 Kf8 50. Rb7 Rf4 51. Ke3 g5 52. Rh7 h4 53. Rh5 Rg4 54. Kf3 Rf4+ 55. Ke3 Rg4 56. Kf3 Rf4+ 57. Ke3 1/2-1/2

[Event "Late-Titled-Tuesday-Blitz-January-16-2024"]
[Site "Chess.com"]
[Date "2024.01.16"]
[Round "4"]
[White "tarno17"]
[Black "sebastianmarinp"]
[Result "0-1"]
[WhiteElo "2178"]
[BlackElo "2450"]
[TimeControl "180+1"]
[EndTime "14:37:54 PST"]
[Termination "sebastianmarinp won on time"]

1. e4 e6 2. d4 d5 3. Nd2 Nf6 4. e5 Nfd7 5. Bd3 c5 6. c3 Nc6 7.
Ne2 cxd4 8. cxd4 f6 9. exf6 Nxf6 10. Nf3 Bd6 11. O-O O-O 12. Bg5 Bd7 13. Bh4 Qb6 14.
Rb1 Rae8 15. Ng3 g6 16. Qd2 Nxd4 17. Qh6 Nxf3+ 18. gxf3 Re7 19. Kh1 Qd4 20. Rbd1 Qf4 21. Bg5 Qxf3+ 22. Kg1 d4 23. Bxf6 Rxf6 24. Be4 Qf4 25.
Qxf4 Rxf4 26. Bxb7 Bb5 27. Bg2 Bxf1 28. Bxf1 e5 29. Bc4+ Kg7 30. b3 Bb4 31. Kg2 h5 32. Rc1 Rc7 33. Rc2 Bc3 34. Ne2 Rg4+ 35. Kf3 Bb4 0-1

[Event "Late-Titled-Tuesday-Blitz-January-16-2024"]
[Site "Chess.com"]
[Date "2024.01.16"]
[Round "4"]
[White "mr_gustavo"]
[Black "RCone"]
[Result "1-0"]
[WhiteElo "2739"]
[BlackElo "2423"]
[TimeControl "180+1"]
[EndTime "14:37:55 PST"]
[Termination "mr_gustavo won on time"]

1. d4 g6 2. Bf4 d6 3. Nf3 Bg7 4. e3 Nf6 5. h3 O-O 6. Be2 Nfd7 7. O-O e5 8. Bh2 Nc6 9. c4 f5 10. Nc3 e4 11. Nd2 Nf6 12. f3 exf3 13. Bxf3 g5 14. Nd5 Ne7 15. Nxf6+ Bxf6 16. Nb1 Ng6 17. Nc3 Nh4 18. Qb3 Nxf3+ 19. Rxf3 Kh8 20. Raf1 Bg7 21. Kh1 Be6 22. e4 f4 23. Qxb7 Bxc4 24. Rd1 Rb8 25. Qc6 Be6 26. b3 g4 27. Rxf4 Rxf4 28. Bxf4 gxh3 29.
g3 Bg4 30. Rd2 Bf3+ 31. Kh2 Bg2 32. Qd5 Qf8 33. Qh5 Re8 34. e5 dxe5 35. dxe5 c6 36. Rd7 Rd8 37. Qd1 Rxd7 38. Qxd7 h6 39. e6 Bf6 40.
Nd1 Qe7 41. Ne3 Kg7 42. Nf5+ Kg6 43. Nxe7+ Bxe7 44. Qxe7 1-0

[Event "Late-Titled-Tuesday-Blitz-January-16-2024"]
[Site "Chess.com"]
[Date "2024.01.16"]
[Round "4"]
[White "olawsson"]
[Black "giomar27"]
[Result "0-1"]
[WhiteElo "2153"]
[BlackElo "2408"]
[TimeControl "180+1"]
[EndTime "14:37:55 PST"]
[Termination "giomar27 won on time"]

1. d4 g6 2. c4 Bg7 3. Nc3 d6 4. e4 f6 5. f4 Nh6 6. Nf3 Nf7 7.
Be2 O-O 8. O-O e5 9. fxe5 fxe5 10. d5 a5 11. Be3 Na6 12. a3 Bd7 13. b4 axb4 14.
axb4 Nxb4 15. Qb3 c5 16. dxc6 Nxc6 17. Qxb7 Rb8 18. Qa6 Ne7 19. Nb5 Qc8 20. Nxd6 Nxd6 21. Qxd6 Nc6 22. Ng5 Nd4 23. Qd5+ Be6 24. Nxe6 Qxe6 25.
Bg4 Qxd5 26. cxd5 Rfd8 27. Ra7 h5 28. Bxd4 hxg4 29. Bc5 Rbc8 30. Be7 Re8 31. d6 Bh6 32. d7 Be3+ 33. Kh1 Bxa7 34. dxc8=Q Rxc8 35. Bd6 Bd4 36. h3 g3 37. Rb1 Rc6 38. Be7 Kf7 39. Bh4 Bf2 40. Rb7+ Ke6 0-1

[Event "Late-Titled-Tuesday-Blitz-January-16-2024"]
[Site "Chess.com"]
[Date "2024.01.16"]
[Round "4"]
[White "IgorBjelobrk"]
[Black "vugarrasulov"]
[Result "0-1"]
[WhiteElo "2655"]
[BlackElo "2974"]
[TimeControl "180+1"]
[EndTime "14:37:56 PST"]
[Termination "vugarrasulov won by resignation"]

1. d4 Nf6 2. c4 e6 3. g3 d5 4.
Nf3 c5 5. cxd5 exd5 6. Bg2 Nc6 7.
O-O Be7 8. Nc3 O-O 9. Bg5 cxd4 10. Nxd4 h6 11. Be3 Bg4 12. Qa4 Qd7 13. Rad1 Rfd8 14.
Nb3 Qf5 15. f3 Bh3 16. Bxh3 Qxh3 17. Bf2 a6 18. Nd4 Ne5 19. Qc2 g6 20. Qb3 Bc5 21.
Na4 Ba7 22. Nb6 Rab8 23. Rc1 Rd6 24. Na4 Nc4 25. Rfd1 b5 26. Nc3 Re8 27. a4 b4 28.
Nxd5 Rxd5 29. Qxc4 Rh5 30. Qxa6 Qxh2+ 31. Kf1 Qh1+ 32.
Bg1 Qh3+ 33. Ke1 Qxg3+ 34. Kd2 Bxd4 35. Bxd4 Qf4+ 36. Kc2 Nd5 37. Kb1 b3 38. Qc4 Ne3 39. Qb5 Rxb5 0-1

[Event "Late-Titled-Tuesday-Blitz-January-16-2024"]
[Site "Chess.com"]
[Date "2024.01.16"]
[Round "4"]
[White "RobertoJBM"]
[Black "nindjaxx8"]
[Result "1-0"]
[WhiteElo "2798"]
[BlackElo "2573"]
[TimeControl "180+1"]
[EndTime "14:37:56 PST"]
[Termination "RobertoJBM won by checkmate"]

1. e4 e6 2. d4 d5 3. Nc3 Bb4 4. e5 c5 5. Bd2 a6 6. Nce2 Bxd2+ 7. Qxd2 Nc6 8. f4 Qb6 9. c3 Nge7 10. Nf3 cxd4 11. Nexd4 O-O 12. Bd3 Ng6 13. O-O Bd7 14. Kh1 Rac8 15. Rae1 Na5 16. h4 Nc4 17. Bxc4 Rxc4 18.
h5 Ne7 19. h6 gxh6 20. Kh2 Kh8 21. g4 Rg8 22. Rg1 Rcc8 23. Rg3 Rg7 24. Reg1 Rcg8 25. Kh3 a5 26. R1g2 Bb5 27. Kh2 Bd7 28. Ng1 Ng6 29. Kh3 Qd8 30. Ngf3 b6 31. a3 Bc8 32. Qe3 Ba6 33. Rg1 Bc8 34. R1g2 Ba6 35. Rf2 Bc8 36.
Rf1 Ba6 37. Rh1 Bc8 38. b3 f6 39. Kg2 fxe5 40. Nxe5 Nxe5 41. Qxe5 Qf8 42. Rxh6 Qxa3 43. Rxh7+ Kxh7 44. Qh5# 1-0

[Event "Late-Titled-Tuesday-Blitz-January-16-2024"]
[Site "Chess.com"]
[Date "2024.01.16"]
[Round "4"]
[White "WPWPWP-2015"]
[Black "jamengrand"]
[Result "1-0"]
[WhiteElo "2532"]
[BlackElo "2354"]
[TimeControl "180+1"]
[EndTime "14:37:56 PST"]
[Termination "WPWPWP-2015 won by resignation"]

1. d4 d5 2. c4 e6 3. Nf3 Nf6 4. Nc3 c5 5. Bf4 cxd4 6. Nxd4 Nc6 7. Nxc6 bxc6 8. e3 Bb4 9. Rc1 O-O 10. Be2 Re8 11.
O-O e5 12. Bg5 Be6 13. cxd5 cxd5 14. Bb5 Rf8 15. a3 Ba5 16. Bc6 Bxc3 17. Bxa8 Bxb2 18.
Rb1 Bxa3 19. Bxf6 gxf6 20. Bc6 Qd6 21. Ba4 Bb4 22. Bc2 a5 23. Qh5 e4 24. Rfd1 Qe5 25.
Qxe5 fxe5 26. Bb3 Rd8 27. f3 exf3 28. gxf3 Bc5 29. Kf2 f5 30. Ke2 Kf7 31. Rdc1 Rc8 32. e4 fxe4 33. fxe4 dxe4 34. Bxe6+ Kxe6 35. Rb5 Kd5 36. Rxa5 Rc6 37. Ra8 Rb6 38. Rd8+ Rd6 39. Rxd6+ Kxd6 40.
Rb1 Kc6 41. Rf1 h6 42. Rf6+ Kd5 43. Rxh6 e3 44. Rh8 e4 45. Re8 Kd4 46. h4 1-0

[Event "Late-Titled-Tuesday-Blitz-January-16-2024"]
[Site "Chess.com"]
[Date "2024.01.16"]
[Round "4"]
[White "GiorgianBarbosa"]
[Black "kai_nov"]
[Result "1-0"]
[WhiteElo "2481"]
[BlackElo "2253"]
[TimeControl "180+1"]
[EndTime "14:37:57 PST"]
[Termination "GiorgianBarbosa won on time"]

1. e4 c5 2. Nf3 Nc6 3. d4 cxd4 4. Nxd4 Nf6 5. Nc3 e5 6. Ndb5 d6 7. Bg5 a6 8. Na3 b5 9. Nab1 Be7 10. Bxf6 Bxf6 11. Nd5 O-O 12. Bd3 Bg5 13. Nbc3 Be6 14. O-O Ne7 15. Nxe7+ Qxe7 16. Qe2 b4 17. Nd1 a5 18. Bc4 Rfc8 19. Bxe6 fxe6 20. Ne3 Bxe3 21. fxe3 Rc6 22. Rad1 Rac8 23. Rd2 Qc7 24. Qg4 Qe7 25. Rff2 Rc4 26. Qf3 h6 27. Qg4 Kh7 28. h4 d5 29.
h5 Rxe4 30. Qg6+ Kg8 31. Rf3 Rec4 32. Rdf2 R4c7 33. c3 bxc3 34. bxc3 e4 35. Rf7 Qxf7 36. Rxf7 Rxf7 37. Qxe6 Rxc3 38. Qxd5 Rxe3 39. Qxa5 Rd3 40.
Qa8+ Rf8 41. Qxe4 Rd2 42. Kh2 Rff2 43. a4 Kf7 44. a5 1-0

[Event "Late-Titled-Tuesday-Blitz-January-16-2024"]
[Site "Chess.com"]
[Date "2024.01.16"]
[Round "4"]
[White "NoHeThTo"]
[Black "CamillaEffect"]
[Result "0-1"]
[WhiteElo "2704"]
[BlackElo "2560"]
[TimeControl "180+1"]
[EndTime "14:37:58 PST"]
[Termination "CamillaEffect won by checkmate"]

1. d4 d5 2. Nc3 Nf6 3. Bf4 Bf5 4.
e3 c6 5. f3 h5 6. Bd3 Qd7 7. Nge2 h4 8. Qd2 Bxd3 9. Qxd3 g6 10. Be5 Bg7 11. e4 Nh5 12. Bxg7 Nxg7 13. O-O-O Na6 14. a3 O-O-O 15. Rhe1 Nc7 16. Na4 dxe4 17.
fxe4 Qg4 18. Rf1 f5 19. Rf4 Qg5 20. Kb1 e5 21. Rff1 exd4 22. Nc5 fxe4 23. Nxe4 Qxg2 24. Rg1 Qxh2 25. Rxg6 Nge6 26. Rdg1 Qe5 27. Ng5 Nxg5 28.
R6xg5 Qe3 29. Qf5+ Kb8 30. Nc1 h3 31. Rh1 h2 32.
Rg2 Qe6 33. Qf4 Kc8 34. Rhxh2 Rxh2 35. Qxh2 Qd6 36. Qh3+ Qd7 37. Qh4 Nd5 38. Nd3 Ne3 39. Rg6 Qf7 40. Qh3+ Kb8 41. Rg1 Rf8 42. Ne5 Qf5 43.
Nd7+ Kc7 44. Nxf8 Qxh3 45. Rg7+ Kd6 46. Rxb7 Qf1+ 47. Ka2 Qxf8 48. Rxa7 Qg8+ 49. b3 Qg6 50. a4 Qxc2+ 51. Ka3 Qc3 52. a5 Nc2+ 53. Ka4 Qb4# 0-1

[Event "Late-Titled-Tuesday-Blitz-January-16-2024"]
[Site "Chess.com"]
[Date "2024.01.16"]
[Round "4"]
[White "RuleOfTwo"]
[Black "FrenchHarvey"]
[Result "0-1"]
[WhiteElo "2573"]
[BlackElo "2800"]
[TimeControl "180+1"]
[EndTime "14:37:59 PST"]
[Termination "FrenchHarvey won by resignation"]

1. d4 d5 2. Nf3 Nf6 3. Bg5 Ne4 4. Bf4 Bf5 5. e3 e6 6. Bd3 Nd7 7. O-O Be7 8. Nbd2 O-O 9. Ne5 c5 10. Nxe4 dxe4 11. Be2 Nxe5 12. Bxe5 Qb6 13. dxc5 Bxc5 14. Qe1 Rfd8 15. Bc3 Rac8 16. Rd1 Rd5 17. Rxd5 exd5 18. Qd2 Be6 19. Rd1 h6 20. a3 a6 21. h3 Qc6 22. Bg4 f5 23. Bh5 Bxa3 24. Qd4 Bf8 25.
Qe5 Qd6 26. Qd4 Rc4 27. Qa7 Qc7 28. Be2 Rc6 29. Qd4 b5 30. Ra1 Bf7 31. g4 Rg6 32. Kh1 fxg4 33. Bxg4 Rf6 34. Qd2 Rc6 35. Rg1 b4 36.
Bxb4 Rxc2 37. Qe1 Bxb4 38. Qxb4 Rxf2 39. Rg2 Qc1+ 40. Kh2 Qxe3 41. Qb8+ Kh7 42. Qe5 Qf4+ 43. Qxf4 Rxf4 44. Kg3 Rf6 45. h4 d4 46. h5 d3 47. Rd2 Be6 48. Bd1 Bf5 49. Kf4 g6 50. hxg6+ Bxg6+ 51. Ke5 Rf8 52. Bb3 e3 53. Rg2 e2 0-1

[Event "Late-Titled-Tuesday-Blitz-January-16-2024"]
[Site "Chess.com"]
[Date "2024.01.16"]
[Round "4"]
[White "cassoulet"]
[Black "BogdanDeac"]
[Result "1/2-1/2"]
[WhiteElo "2776"]
[BlackElo "3026"]
[TimeControl "180+1"]
[EndTime "14:38:00 PST"]
[Termination "Game drawn by repetition"]

1. d4 Nf6 2. Bg5 d5 3. Bxf6 gxf6 4. Nf3 c5 5. e3 cxd4 6. exd4 Nc6 7. c3 e5 8. dxe5 fxe5 9. Bb5 Bg7 10. O-O O-O 11. Nbd2 a6 12. Bxc6 bxc6 13. Re1 Re8 14.
Qa4 Qb6 15. Nb3 Bf5 16. Qa5 Rab8 17. Qa4 c5 18. Rad1 e4 19. Rxd5 Be6 20. Rxe4 c4 21. Nc5 Qxb2 22. Nxe6 Rxe6 23. Rxe6 fxe6 24. Rd1 Qxc3 25.
Qxa6 Qc2 26. Qxe6+ Kh8 27. Re1 h6 28. Ne5 c3 29. g4 Kh7 30. h4 Rb2 31. Qf7 Qd2 32.
Qg6+ Kg8 33. Qe6+ Kh7 34. Qf5+ Kg8 35. Rf1 c2 36. Qe6+ Kh7 37. Qf5+ Kg8 38. Qf7+ Kh7 39.
Qg6+ Kg8 40. Qf7+ Kh7 41. Qf5+ Kg8 1/2-1/2

[Event "Late-Titled-Tuesday-Blitz-January-16-2024"]
[Site "Chess.com"]
[Date "2024.01.16"]
[Round "4"]
[White "Jarming"]
[Black "TimGrutter03"]
[Result "0-1"]
[WhiteElo "2697"]
[BlackElo "2555"]
[TimeControl "180+1"]
[EndTime "14:38:01 PST"]
[Termination "TimGrutter03 won by resignation"]

1. d4 Nf6 2. c4 e6 3. Nf3 a6 4. g3 b5 5. Bg2 Bb7 6. O-O bxc4 7. Qa4 Be7 8. Nc3 O-O 9. Qxc4 Nc6 10. Bf4 d5 11. Qb3 Na5 12. Qa4 Nc4 13. b3 Nb6 14. Qa5 Rc8 15. Rac1 c5 16. Na4 Nxa4 17. Qxa4 Qb6 18.
Be3 Ne4 19. Ne5 Nf6 20. dxc5 Bxc5 21. Rxc5 Rxc5 22. Qa3 d4 23. Bxd4 Bxg2 24. Bxc5 Qb7 25. Rd1 Rc8 26. Nc4 Bh3 27. f3 h6 28. Nd6 Qd7 29. Qc1 Rc6 30. g4 h5 31. gxh5 Nd5 32. e4 Nf4 33. Qxf4 Rxc5 34. h6 gxh6 35. Kf2 Rg5 36.
Rg1 Qa7+ 37. Qe3 Qxe3+ 38. Kxe3 Rxg1 39. Nc4 Rg2 40. a4 Rxh2 41. b4 Ra2 42. b5 Rxa4 43. Nd6 axb5 44. Nxb5 Rb4 45. Nd6 Rb3+ 46. Kf4 Bg2 47. Ne8 Rxf3+ 48. Ke5 h5 49. Nf6+ Rxf6 50. Kxf6 Bxe4 51. Kg5 Bg6 52. Kh4 Kf8 53. Kg3 Ke7 54.
Kf4 Kf6 55. Ke3 e5 56. Kf3 Kf5 57. Ke3 h4 58. Kf3 Bh5+ 59. Kg2 Kg4 60. Kh2 f5 61.
Kg1 f4 62. Kf2 e4 63. Ke2 Kg3+ 64. Kf1 f3 65. Kg1 e3 66. Kh1 h3 67. Kg1 e2 0-1

[Event "Late-Titled-Tuesday-Blitz-January-16-2024"]
[Site "Chess.com"]
[Date "2024.01.16"]
[Round "4"]
[White "youngdinousaur"]
[Black "Sjakkerntobi"]
[Result "0-1"]
[WhiteElo "2343"]
[BlackElo "2528"]
[TimeControl "180+1"]
[EndTime "14:38:01 PST"]
[Termination "Sjakkerntobi won on time"]

1. d4 Nf6 2. Nf3 e6 3. Bf4 d5 4.
e3 Bd6 5. Bg3 O-O 6. Bd3 c5 7.
c3 Nc6 8. Nbd2 Qc7 9. dxc5 Bxg3 10. hxg3 e5 11. Be2 e4 12. Nd4 Ne5 13. b4 Bg4 14. O-O b6 15. Bxg4 Nfxg4 16. N2b3 Qd8 17. a4 Qf6 18. f3 Nxe3 19. Qe2 Nxf1 20. Rxf1 exf3 21. gxf3 Rfe8 22. Qd1 Qg5 23. Kg2 Nc4 24.
Nc2 Rad8 25. Re1 h5 26. cxb6 axb6 27. Nbd4 h4 28. g4 Qf4 29. Rxe8+ Rxe8 30. Nf5 g6 31.
Nxh4 Nb2 32. Qf1 Qd2+ 33. Kh3 Qxc2 34. Qb5 Qe2 35. Qd7 Nd3 36. Kg3 Qe1+ 37. Kh3 Nf4+ 38. Kh2 Re2+ 0-1

[Event "Late-Titled-Tuesday-Blitz-January-16-2024"]
[Site "Chess.com"]
[Date "2024.01.16"]
[Round "4"]
[White "SergioMoralesG"]
[Black "nikitadovbnya2008"]
[Result "1-0"]
[WhiteElo "2471"]
[BlackElo "2216"]
[TimeControl "180+1"]
[EndTime "14:38:02 PST"]
[Termination "SergioMoralesG won by checkmate"]

1. d4 Nf6 2. c4 e6 3. Nf3 b6 4.
g3 Bb7 5. Bg2 c5 6. O-O Be7 7. Re1 O-O 8. d5 exd5 9. Nh4 g6 10.
cxd5 d6 11. Nc3 Nbd7 12. e4 a6 13. a4 Re8 14. Nf3 Bf8 15. Nd2 Ne5 16. Qc2 c4 17.
Rf1 Rc8 18. b3 cxb3 19. Qxb3 Nd3 20. Ba3 Qc7 21. Ne2 Nc5 22. Bxc5 bxc5 23. Nc4 Nd7 24.
f4 Bg7 25. Rab1 Rb8 26. Qc2 a5 27. Rfd1 Ba6 28. Kh1 Rb4 29. Ne3 Bxe2 30. Qxe2 Rxa4 31. e5 Rb4 32. e6 Nb6 33. f5 Bd4 34. Ng4 gxf5 35.
Nh6+ Kg7 36. Nxf5+ Kh8 37. Rxb4 axb4 38. Qh5 Rf8 39.
e7 Rg8 40. Qxf7 Qd7 41. Rxd4 Nxd5 42. Bxd5 Qc8 43. Qf6+ Rg7 44. Qxg7# 1-0

[Event "Late-Titled-Tuesday-Blitz-January-16-2024"]
[Site "Chess.com"]
[Date "2024.01.16"]
[Round "4"]
[White "Byniolus"]
[Black "Filipets"]
[Result "1-0"]
[WhiteElo "2752"]
[BlackElo "2565"]
[TimeControl "180+1"]
[EndTime "14:38:03 PST"]
[Termination "Byniolus won by resignation"]

1. d4 f5 2. Nf3 Nf6 3. c4 g6 4.
Nc3 Bg7 5. e3 O-O 6. Be2 b6 7.
O-O Bb7 8. b4 a5 9. b5 h6 10. a4 Qe8 11. Ba3 d6 12. Rc1 Nbd7 13.
c5 dxc5 14. dxc5 Nxc5 15. Bxc5 bxc5 16. Ne5 Rd8 17. Qb3+ Kh7 18. Nc4 Nd5 19. Nxd5 Bxd5 20. Bf3 Bxf3 21. gxf3 g5 22. Nxa5 Qh5 23. Kg2 g4 24. f4 Qh3+ 25. Kg1 Qf3 26. Nc6 h5 27. Nxd8 Rxd8 28. Qf7 h4 29. Qh5+ Kg8 30. Qxh4 Kf7 31. Qg3 Qe4 32. a5 Rh8 33. Qg2 Qb4 34. a6 Qxb5 35.
Qb7 Qxb7 36. axb7 Rb8 37. Rb1 Bc3 38. Rb5 Bb4 39. Rd1 Ke6 40. Ra1 Kd6 41. Ra8 1-0

[Event "Late-Titled-Tuesday-Blitz-January-16-2024"]
[Site "Chess.com"]
[Date "2024.01.16"]
[Round "4"]
[White "ritanovikova"]
[Black "sina101"]
[Result "0-1"]
[WhiteElo "2179"]
[BlackElo "2531"]
[TimeControl "180+1"]
[EndTime "14:38:03 PST"]
[Termination "sina101 won by resignation"]

1. e4 c6 2. d4 d5 3. exd5 cxd5 4.
Bd3 Nf6 5. Nf3 Nc6 6. h3 g6 7.
O-O Bg7 8. Bf4 O-O 9. c3 Re8 10. Re1 a6 11. a4 Bf5 12. Bxf5 gxf5 13. Ne5 Ne4 14. f3 Nd6 15. Nxc6 bxc6 16. Be5 f6 17. Bf4 e5 18. Bg3 f4 19. Bf2 e4 20.
fxe4 Rxe4 21. Nd2 Rxe1+ 22. Qxe1 Qe8 23. Qxe8+ Rxe8 24. Re1 Ne4 25. Re2 Kf7 26. Kf1 f5 27. Nf3 Bf6 28. Rc2 Rb8 29. Bg1 Ng3+ 30. Kf2 Re8 31.
Bh2 Ne4+ 32. Kf1 Ng3+ 33. Kf2 Rg8 34. Bxg3 fxg3+ 35. Ke2 Re8+ 36. Kd3 Kg6 37. b4 f4 38. c4 Re3+ 39. Kd2 Rxf3 40. gxf3 g2 41. Rc1 Bxd4 42. cxd5 cxd5 43. b5 axb5 44. axb5 Be3+ 0-1

[Event "Late-Titled-Tuesday-Blitz-January-16-2024"]
[Site "Chess.com"]
[Date "2024.01.16"]
[Round "4"]
[White "Beca95"]
[Black "TheCount"]
[Result "1-0"]
[WhiteElo "2957"]
[BlackElo "2616"]
[TimeControl "180+1"]
[EndTime "14:38:04 PST"]
[Termination "Beca95 won on time"]

1. d4 Nf6 2. c4 g6 3. Nc3 d5 4.
Nf3 Bg7 5. h4 dxc4 6. e4 O-O 7.
Bxc4 c5 8. d5 b5 9. Bxb5 Nxe4 10. Nxe4 Qa5+ 11. Nc3 Bxc3+ 12. bxc3 Qxb5 13. h5 Qc4 14.
Rh4 Qxc3+ 15. Bd2 Qd3 16. hxg6 fxg6 17. Bg5 Qxd1+ 18. Rxd1 Nd7 19. Bxe7 Rf5 20. Ng5 Bb7 21. f4 h5 22. d6 Bxg2 23. Kf2 Bc6 24. Rg1 Bd5 25.
Nf3 Bxf3 26. Kxf3 Kf7 27. Rb1 Rb8 28. Rhh1 c4 29. Rxb8 Nxb8 30. Rd1 Nd7 31. Rb1 c3 32. Ke3 c2 33. Rc1 Rc5 34. Kd4 Ke6 35. Kd3 Kf5 36. Bg5 Kg4 37. Kd4 Kf5 38. Kd3 Nf8 39. Kd4 Ne6+ 40. Kd3 Rd5+ 41. Ke3 Nd4 42. Be7 1-0

[Event "Late-Titled-Tuesday-Blitz-January-16-2024"]
[Site "Chess.com"]
[Date "2024.01.16"]
[Round "4"]
[White "TanitoluwaAps116"]
[Black "Antipov_Mikhail_Al"]
[Result "1-0"]
[WhiteElo "2733"]
[BlackElo "2909"]
[TimeControl "180+1"]
[EndTime "14:38:05 PST"]
[Termination "TanitoluwaAps116 won on time"]

1. e4 c5 2. Nf3 e6 3. c3 Nf6 4. e5 Nd5 5. Bc4 b6 6. Bxd5 exd5 7.
O-O Be7 8. d3 O-O 9. Bf4 Na6 10.
Re1 Nc7 11. Nbd2 Ne6 12. Bg3 Bb7 13. h4 f5 14. exf6 gxf6 15. d4 Kh8 16. Qc2 Rg8 17.
Qf5 Qf8 18. Re3 Bc6 19. Rae1 Re8 20. Kh2 Ng7 21. Qh3 Qf7 22. R3e2 Bd8 23. Bd6 Rxe2 24. Rxe2 Bb5 25. Re3 Qg6 26. dxc5 Nf5 27. Re1 h5 28. b4 a5 29. Nd4 Bd3 30. g3 axb4 31. cxb4 Nxd4 32. Qg2 Bf5 33. Qxd5 Ne6 34. Nf3 Qg4 35. Kg1 Kh7 36. c6 dxc6 37. Qxc6 Rg7 38. Qa8 Qh3 39. Nh2 b5 40. Qc6 Kh8 41. Qf3 1-0

[Event "Late-Titled-Tuesday-Blitz-January-16-2024"]
[Site "Chess.com"]
[Date "2024.01.16"]
[Round "4"]
[White "szachmistrz2500"]
[Black "jinbojinbo"]
[Result "0-1"]
[WhiteElo "2434"]
[BlackElo "2650"]
[TimeControl "180+1"]
[EndTime "14:38:06 PST"]
[Termination "jinbojinbo won by resignation"]

1. d4 Nf6 2. c4 g6 3. Nc3 Bg7 4. e4 d6 5. Be2 O-O 6. Bg5 c5 7. d5 e6 8. Nf3 exd5 9. exd5 Qb6 10. Qd2 Bf5 11. O-O Ne4 12. Nxe4 Bxe4 13. Bh6 Bxh6 14. Qxh6 Bxf3 15. Bxf3 Qxb2 16. Qf4 Qb6 17. Rab1 Qc7 18. h4 Nd7 19. h5 Ne5 20. h6 f6 21. Be2 Rae8 22. Qg3 Re7 23. f4 Nf7 24. Bg4 Nd8 25. Rfe1 f5 26. Bh5 Rfe8 27. Kh2 Rxe1 28.
Rxe1 Qf7 29. Bf3 Kf8 30. Qf2 Rxe1 31. Qxe1 Qf6 32. Qb1 Qh4+ 33. Kg1 Qxf4 34. Qb5 Qxh6 35. Qd7 Qe3+ 36. Kh2 Qe7 37. Qc8 b6 38. a4 Kg7 39.
Qb8 Nf7 40. Qc8 h5 41. Kg3 Ne5 42. Qe6 Qxe6 43. dxe6 Nxf3 44. Kxf3 Kf6 0-1

[Event "Late-Titled-Tuesday-Blitz-January-16-2024"]
[Site "Chess.com"]
[Date "2024.01.16"]
[Round "4"]
[White "Fh2411"]
[Black "ExchangeAB"]
[Result "1-0"]
[WhiteElo "2595"]
[BlackElo "2453"]
[TimeControl "180+1"]
[EndTime "14:38:06 PST"]
[Termination "Fh2411 won by resignation"]

1. d4 d5 2. Nf3 c6 3. Bf4 Nf6 4. e3 Bf5 5. c4 e6 6. Nc3 Bd6 7. Ne5 O-O 8. Qb3 Qc7 9. c5 Bxe5 10. Bxe5 Qe7 11. Bd6 Qd7 12. Bxf8 Kxf8 13. Be2 h6 14. O-O g5 15. a4 Kg7 16. Qa3 a5 17. b4 axb4 18.
Qxb4 Na6 19. Qb3 Rc8 20. Ra2 Rc7 21. Rb2 Nb8 22. a5 Qe7 23. Ra1 e5 24. Qd1 Bg6 25.
Ra4 h5 26. Rab4 h4 27. h3 Bf5 28. dxe5 Qxe5 29. Qd4 Qe7 30. Rb6 Bc8 31. Nxd5 cxd5 32. Bg4 Bxg4 33. hxg4 Nc6 34. Qc3 Kg8 35. a6 Ne4 36. Qd3 bxa6 37. Qxd5 Kg7 38. Rxc6 Rxc6 39. Qxc6 Qe5 40. Rb1 a5 41. Qb5 Nc3 42. Qb2 a4 43. Rc1 Ne2+ 44. Qxe2 h3 45. gxh3 1-0

[Event "Late-Titled-Tuesday-Blitz-January-16-2024"]
[Site "Chess.com"]
[Date "2024.01.16"]
[Round "4"]
[White "glebus008"]
[Black "Jbd735"]
[Result "1-0"]
[WhiteElo "2318"]
[BlackElo "2517"]
[TimeControl "180+1"]
[EndTime "14:38:07 PST"]
[Termination "glebus008 won on time"]

1. a3 d5 2. d4 Nf6 3. Nf3 Bf5 4. c4 e6 5. Nc3 Be7 6. cxd5 exd5 7. Qb3 Bc8 8. Bg5 c6 9. e3 O-O 10. Bd3 Nbd7 11.
O-O Re8 12. Qc2 Nf8 13. Bxf6 Bxf6 14. b4 Bg4 15. Nd2 Rc8 16. Rfc1 Qd6 17. Nf1 a6 18. Na4 Re7 19. Nc5 Rce8 20. a4 Ng6 21.
Bxg6 hxg6 22. b5 axb5 23. axb5 cxb5 24. Qb3 b6 25. Nd3 Bd7 26. Ra7 Bc6 27. Rxe7 Rxe7 28.
Nd2 g5 29. Nf3 g6 30. Nfe5 Be8 31. Rc8 Kg7 32. Qc3 Bd7 33. Nxd7 Rxd7 34. Rc6 Qb8 35. Qb4 Rc7 36. Qxb5 Rxc6 37. Qxc6 b5 38. Qxd5 b4 39. Qb3 Be7 40. g3 Qb5 41. Ne5 f6 42. Qf7+ 1-0